 Dungeon Crawl Stone Soup version 0.22.1-1-ga44c0e5 (webtiles) character file.

75 Figureslego113 the Ducker (level 4, -2/21 HPs)
             Began as a Felid Monk on Oct 14, 2018.
             Slain by a hobgoblin
             ... wielding a +0 club
             ... led by Robin
              (6 damage)
             ... on level 3 of the Dungeon.
             The game lasted 00:05:54 (2739 turns).

Figureslego113 the Ducker (Felid Monk)              Turns: 2739, Time: 00:05:55

Health: -2/21      AC:  1    Str:  7    XL:     4   Next: 11%
Magic:  0/5        EV: 21    Int: 11    God:
Gold:   53         SH:  0    Dex: 19    Spells: 3/3 levels left
                                        Lives:  0   Deaths: 1

rFire    . . .     SeeInvis +     - Unarmed
rCold    . . .     Gourm    .   (shield unavailable)
rNeg     . . .     Faith    .   (armour unavailable)
rPois    .         Spirit   .   (helmet unavailable)
rElec    .         Reflect  .   (cloak unavailable)
rCorr    .         Harm     .   (gloves unavailable)
MR       .....                  (boots unavailable)
Stlth    +++.......             (no amulet)
HPRegen  0.07/turn              (no ring)
MPRegen  0.09/turn              (no ring)

@: quick
A: very small, no armour, no weapons or thrown items, stealth, claws 1, fangs 3,
see invisible, carnivore, speed 1, shaggy fur 1, slow metabolism 1, sharp paws
a: no special abilities


You were on level 3 of the Dungeon.
You were very full.

You visited 1 branch of the dungeon, and saw 3 of its levels.

You collected 53 gold pieces.

Inventory:

Scrolls
 b - 2 scrolls of identify {unknown}
 c - a scroll of fog {unknown}
 d - a scroll of teleportation {unknown}
 f - a scroll of enchant armour {unknown}
 g - 3 scrolls of remove curse {unknown}
Potions
 e - a potion of heal wounds {unknown}
 h - a potion of degeneration {unknown}
 i - a potion of curing {unknown}
Comestibles
 a - 5 rations


   Skills:
 + Level 3.3 Fighting
 + Level 4.9 Dodging
 + Level 4.7 Stealth
 + Level 4.1 Unarmed Combat


You had 3 spell levels left.
You didn't know any spells.
Your spell library was empty.

Dungeon Overview and Level Annotations

Branches:
Dungeon (3/15)

Altars:
Hepliaklqana

Annotations:
D:3 Robin


Innate Abilities, Weirdness & Mutations

You cannot wear armour.
You are incapable of wielding weapons or throwing items.
Your paws allow you to move quietly. (Stealth)
You have sharp claws.
You have razor-sharp teeth.
You have supernaturally acute eyesight. (SInv)
You are carnivorous and can eat meat at any time.
You cover ground quickly.
You are covered in fur. (AC +1)
You have a slow metabolism.
Your sharp claws are effective at attacking unaware monsters.


Message History

Robin completely misses you. The hobgoblin barely misses you.
You scratch Robin.
Robin is moderately wounded.
You closely miss Robin. You bite Robin, but do no damage.
Robin is moderately wounded.
Robin hits you with an antimagic mace.
You feel your power leaking away. The hobgoblin completely misses you.
You completely miss Robin.
Robin is moderately wounded.
The hobgoblin hits you but does no damage.
Robin roars a battlecry!
The hobgoblin goes into a battle-frenzy!
You scratch Robin.
Robin is heavily wounded.
Robin hits you with an antimagic mace!
* * * LOW HITPOINT WARNING * * *
You feel your power leaking away. The hobgoblin hits you with a +0 club.
You die...

.##.#.###...#### # #
...### #[ #.... ###.#
##.... #..#.. ## ....##
#<#.#.## ##.## .##.##
#.#.....#....# .# #.#
#..gg...# #.# #@#
#.######.#.# #........$.#
#.######.### #.# #.# #.#
#.# #... #.######.## #..#
#.........# #.## #..#
#..#####..#####.#<#.##..#


You could see Robin and a hobgoblin.

Vanquished Creatures
  Natasha (D:3)
  A gnoll (D:2)
  2 adders
  A shadow imp (D:3)
  2 worms
  A dart slug (D:1)
  2 leopard geckos
  3 giant cockroaches
  10 goblins
  9 hobgoblins
  4 jackals (D:1)
  5 kobolds
  2 quokkas (D:2)
  A ball python (D:1)
  3 bats
  2 frilled lizards
  4 rats
53 creatures vanquished.

Notes
Turn   | Place    | Note
-------+----------+-------------------------------------------
     0 | D:1      | Figureslego113 the Felid Monk began the quest for the Orb.
     0 | D:1      | Reached XP level 1. HP: 10/10 MP: 2/2
   277 | D:1      | Reached XP level 2. HP: 11/14 MP: 3/3
  1102 | D:1      | Reached XP level 3. HP: 17/17 MP: 4/4
  1997 | D:2      | Found a hazy altar of Hepliaklqana.
  2368 | D:2      | Reached XP level 4. HP: 21/21 MP: 5/5
  2560 | D:3      | Noticed Robin
  2569 | D:3      | Slain by a hobgoblin
  2570 | D:3      | Reached XP level 3. HP: -1/17 MP: 4/4
  2669 | D:3      | Noticed Natasha
  2680 | D:3      | Killed Natasha
  2680 | D:3      | Reached XP level 4. HP: 14/21 MP: 5/5
  2682 | D:3      | Found a faded altar of an unknown god.
  2739 | D:3      | Slain by a hobgoblin

Skill      XL: |  1  2  3  4 |
---------------+-------------+-----
Stealth        | 3 4 |  4.7
Unarmed Combat | 4 |  4.1
Fighting       | |  3.3
Dodging        | |  4.9

Action                   |  1- 3 |  4- 6 || total
-------------------------+-------+-------++-------
Melee: Unarmed           |   124 |    45 ||   169
       Punch             |     3 |     1 ||     4
       Bite              |     7 |     4 ||    11
 Stab: Sleeping          |    10 |     1 ||    11
       Distracted        |     1 |       ||     1
  Eat: Chunk             |    13 |     1 ||    14
Armor: Skin              |     6 |     1 ||     7
Dodge: Dodged            |    92 |    23 ||   115
